 Dungeon Crawl Stone Soup version 0.28.0-53-g5a82cb258f (webtiles) character file.

Game seed: 15353200650600758617

39 Cykl0x the Digger (level 3, -2/19 HPs)
             Began as a Gargoyle Earth Elementalist on May 22, 2022.
             Slain by a gnoll
             ... wielding a +0 spear
              (5 damage)
             ... on level 2 of the Dungeon.
             The game lasted 00:01:27 (745 turns).

Cykl0x the Digger (Gargoyle Earth Elementalist)      Turns: 745, Time: 00:01:28

Health: -2/19      AC:  5    Str: 11    XL:     3   Next: 45%
Magic:  0/6        EV: 12    Int: 17    God:
Gold:   30         SH:  5    Dex: 10    Spells: 2/6 levels left

rFire   . . .      SeeInvis .   i - +0 short sword
rCold   . . .      Faith    .   (no shield)
rNeg    + . .      Spirit   .   b - +0 robe
rPois   ∞          Reflect  +   (no helmet)
rElec   +          Harm     .   (no cloak)
rCorr   .          Rampage  .   (no gloves)
Will    .....                   (no boots)
Stlth   ++........              g - amulet of reflection
HPRegen 0.06/turn               (no ring)
MPRegen 0.10/turn               (no ring)

@: no status effects
A: sickness immunity, AC +3, negative energy resistance 1, electricity
resistance, torment resistance 1, petrification resistance
a: no special abilities


You were on level 2 of the Dungeon.
You visited 1 branch of the dungeon, and saw 2 of its levels.

You collected 30 gold pieces.

Inventory:

Hand Weapons
 d - a +0 dagger
 i - a +0 short sword (weapon)
Missiles
 c - 33 stones
Armour
 b - a +0 robe (worn)
 h - a +0 leather armour
Jewellery
 g - an amulet of reflection (around neck)
Scrolls
 a - a scroll of identify {unknown}
 e - a scroll of teleportation {unknown}
Potions
 f - a potion of might {unknown}


   Skills:
 + Level 1.7 Dodging
 - Level 2.2 Stealth
 + Level 2.3 Spellcasting
 * Level 0.5 Conjurations
 - Level 0.7 Transmutations
 + Level 4.7 Earth Magic


You had 2 spell levels left.
You knew the following spells:

 Your Spells              Type           Power      Damage    Failure   Level
a - Sandblast             Erth           36%        2d10      2%          1
b - Stone Arrow           Conj/Erth      22%        3d8       19%         3

Your spell library contained the following spells:

 Spells                   Type           Power      Damage    Failure   Level
 Passwall                 Tmut/Erth      9%         N/A       10%         2
 Slow                     Hex            8%         N/A       19%         1
 Wereblood                Tmut           4%         N/A       22%         2
 Confusing Touch          Hex            2%         N/A       50%         3
 Gell's Gravitas          Tloc           2%         N/A       50%         3
 Teleport Other           Tloc           2%         N/A       50%         3
 Vampiric Draining        Necr           2%         2d6       50%         3
 Petrify                  Tmut/Erth      11%        N/A       52%         4
 Dispersal                Tloc           1%         N/A       100%        6
 Summon Hydra             Summ           1%         N/A       100%        7
 Sublimation of Blood     Necr           Unusable   N/A       N/A         2

Dungeon Overview and Level Annotations

Branches:
Dungeon (2/15)

Altars:


Innate Abilities, Weirdness & Mutations

You are immune to sickness and miasma.
Your stone body is resilient. (AC +3)
You are immune to poison.
You resist negative energy. (rN+)
You are resistant to electric shocks. (rElec)
You are resistant to unholy torment.
You are immune to petrification.


Message History

Found a stone staircase leading down.
There is a stone staircase leading up here.
Found a leather armour.
Found a pair of boots.
A rat comes into view.
A rat is nearby!
You can't see any susceptible monsters within range! (Use Z to cast anyway.)
The blast of sand misses the rat.
The blast of sand hits the rat!
You kill the rat!
You can't see any susceptible monsters within range! (Use Z to cast anyway.)
An adder comes into view.
There are monsters nearby!
The gnoll shouts!
You hear a shout!
Casting: Sandblast (safe; 2% risk of failure)
Confirm with . or Enter, or press ? or * to list all spells.
You don't know that spell.
The gnoll closely misses you.
The blast of sand hits the gnoll.
The gnoll is lightly wounded.
You block the gnoll's attack.
The blast of sand hits the gnoll!
You kill the gnoll!
A goblin comes into view. It is wielding a +0 dagger.
The blast of sand hits the gnoll but does no damage.
The blast of sand hits the gnoll but does no damage.
The adder hisses angrily.
The gnoll hits you from afar with a +0 spear.
The blast of sand misses the gnoll.
The gnoll hits you from afar with a +0 spear.
The adder bites you but does no damage.
The blast of sand hits the adder!
The adder is severely wounded.
The adder bites you.
The gnoll hits you from afar with a +0 spear.
* * * LOW HITPOINT WARNING * * *
You are too injured to fight recklessly!
Unknown command.
The gnoll hits you from afar with a +0 spear.
You die...

.. ## ....+.# ###
...[#.# #...
....#.###.#
#........#
#####.#......# .#
......#..[?..# .#
#.......†...# .#
.###@#g...##.#
###.....# #.S..#....#
..........g....+.>..#
..........##...#....#
#.......#. #...#..#.#
#)..g.. # #...#..#S#
#.g..# ##+##..# #
######....##.. #.<#
#....†<....... #..#


You could see a gnoll and an adder.

Vanquished Creatures
  3 gnolls
  A giant cockroach (D:1)
  3 hobgoblins (D:1)
  A bat (D:1)
  A frilled lizard (D:2)
  2 kobolds (D:1)
  2 rats
13 creatures vanquished.

Notes
Turn   | Place    | Note
-------+----------+-------------------------------------------
     0 | D:1      | Cykl0x the Gargoyle Earth Elementalist began the quest for
                  | the Orb.
     0 | D:1      | Reached XP level 1. HP: 10/10 MP: 3/3
   231 | D:1      | Reached XP level 2. HP: 15/15 MP: 0/5
   556 | D:2      | Reached skill level 4 in Earth Magic
   561 | D:1      | Reached XP level 3. HP: 12/19 MP: 1/6
   565 | D:1      | Learned a level 3 spell: Stone Arrow
   745 | D:2      | Slain by a gnoll

Illustrated notes

Levels and vault maps discovered:
D:1:      co_arrival_square_in_a_square_in_a_square, layout_rooms
D:2:      layout_basic

Skill      XL: |  1  2 |
---------------+-------+-----
Earth Magic    | 4 |  4.7
Dodging        | |  1.7
Stealth        | |  2.2
Spellcasting   | |  2.3
Conjurations   | |  0.5
Transmutations | |  0.7

Action                   || total
-------------------------++-------
Melee: Dagger            ||     3
       Short sword       ||     3
 Cast: Sandblast         ||    29
Armor: Robe              ||     3
Dodge: Dodged            ||     8
Block: Other             ||     2
